 Dungeon Crawl Stone Soup version 0.32-a0-636-g4925a30cd0 (webtiles) character file.

Game seed: 17605828615900149569

357 IndexError the Ruffian (level 6, 0/38 HPs)
             Began as an Octopode Shapeshifter on Mar 7, 2024.
             Was an Initiate of Makhleb.
             Incinerated by a bombardier beetle (3 damage)
             ... with a burning spray
             ... on level 4 of the Dungeon.
             The game lasted 00:07:06 (2932 turns).

IndexError the Ruffian (Octopode Shapeshifter)      Turns: 2932, Time: 00:07:06

Health: 0/38       AC:  1    Str: 16    XL:     6   Next: 64%
Magic:  6/6        EV: 13    Int: 12    God:    Makhleb [......]
Gold:   222        SH:  0    Dex: 11    Spells: 5/5 levels left

rFire   . .          .
                       - Unarmed
rCold   . . .        (no shield)
rNeg    . . .        (helmet currently unavailable)
rPois   .            (no amulet)
rElec   .            (no ring)
rCorr   .            (no ring)
SInv    .            (no ring)
Will    .....        (no ring)
Stlth   +            (no ring)
HPRegen 0.26/turn    (no ring)
MPRegen 0.10/turn    (no ring)
                     (no ring)

%: no passive effects
@: on fire, beast-form, glowing
A: beast (slay +2), almost no armour, amphibious, 8 rings, camouflage 1,
gelatinous body 1, (nimble swimmer 1), tentacles
a: Begin Untransformation, Renounce Religion


You were on level 4 of the Dungeon.
You worshipped Makhleb.
Makhleb was noncommittal.
You were a hulking beast.
You visited 1 branch of the dungeon, and saw 4 of its levels.

You collected 222 gold pieces.

Inventory:

Missiles
 k - 2 boomerangs (quivered)
Talismans
 b - a beast talisman (active)
 c - a flux talisman
Scrolls
 d - a scroll of immolation {unknown}
 e - 5 scrolls of identify {unknown}
 f - a scroll of acquirement {unknown}
 g - a scroll of revelation {unknown}
 i - a scroll of silence {unknown}
 n - a scroll of vulnerability {unknown}
Potions
 a - a potion of lignification {!q}
 h - 2 potions of might {unknown}
 j - a potion of heal wounds {unknown}
 l - a potion of attraction {unknown}
 m - 2 potions of curing {unknown}
 o - a potion of cancellation {unknown}


   Skills:
 - Level 1.0 Fighting
 - Level 2.0 Dodging
 * Level 6.1 Unarmed Combat
 + Level 4.5 Shapeshifting


You had 5 spell levels left.
You didn't know any spells.
Your spell library was empty.

Dungeon Overview and Level Annotations

Branches:
Dungeon (4/15)
 Temple: D:4-7

Altars:
Ashenzari
Dithmenos
Makhleb
Okawaru
Zin

Shops:
D:3 ?

Annotations:
D:3 2 transporters, mertasd123's ghost, amateur MfGl


Innate Abilities, Weirdness & Mutations

You are a hulking beast.
Your limbs bulge with bestial killing power. (Slay +2)
You cannot wear most types of armour.
You are amphibious.
You can wear up to eight rings at the same time.
Your skin changes colour to match your surroundings (Stealth+).
Your rubbery body absorbs attacks. (AC +1, EV +1)
((You are camouflaged when in or above water. (Stealth+)))
You have tentacles for arms and can constrict up to eight enemies at once.


Message History

No target in view!
You feel sick.
You take 1 damage, and have 29/36 hp.
You feel sick.
You feel sick.
You take 1 damage, and have 28/36 hp.
You feel sick.
You take 1 damage, and have 27/36 hp.
You feel sick.
You take 1 damage, and have 26/36 hp.
You feel sick.
You are no longer poisoned.
Found an iron altar of Okawaru.
Health restored: 36 You see here a quokka corpse.
An adder comes into view.
An adder is nearby!
An adder is nearby!
The adder hisses angrily.
The adder bites you but does no damage.
You closely miss the adder. Your grab misses the adder.
The adder closely misses you.
You closely miss the adder. Your grab misses the adder. You squeeze the adder.
The adder bites you but does no damage.
You barely miss the adder. You grab the adder. You constrict the adder.
The adder bites you.
You take 2 damage, and have 34/36 hp.
You tentacle-slap the adder. Makhleb accepts your kill.
No target in view!
You open the door.
There is an open door here.
An iguana comes into view.
Health restored: 36 The helpless iguana fails to defend itself.
You tentacle-slap the iguana. Your grab misses the iguana.
You tentacle-slap the iguana!
You squeeze the iguana, but do no damage.
The iguana barely misses you.
You closely miss the iguana. You grab the iguana.
You tentacle-slap the iguana, but do no damage.
You constrict the iguana. The iguana misses you.
You completely miss the iguana. You squeeze the iguana.
Makhleb accepts your kill.
Your Unarmed Combat skill increases to level 6!
No target in view!
Found an escape hatch in the floor.
There is a broken altar of Ashenzari here.
Health restored: 37 A bombardier beetle comes into view.
The bombardier beetle sprays incendiary fluid at you.
The burning spray hits you.
You are covered in liquid fire!
You shake off some of the fire as you move.
The liquid fire burns you!
You take 2 damage, and have 35/37 hp.
You shake off some of the fire as you move.
The liquid fire burns you!
You take 5 damage, and have 30/37 hp.
You shake off the liquid fire.
The bombardier beetle sprays incendiary fluid at you.
The burning spray misses you.
You tentacle-slap the bombardier beetle.
You grab the bombardier beetle. You constrict the bombardier beetle.
The bombardier beetle sprays incendiary fluid at you.
The burning spray hits you.
You are covered in liquid fire!
You tentacle-slap the bombardier beetle.
The liquid fire burns you!
You constrict the bombardier beetle.
You take 5 damage, and have 28/37 hp.
You bludgeon the bombardier beetle! Makhleb accepts your kill.
The liquid fire burns you!
Your life force feels restored.
You take 3 damage, and have 25/38 hp.
You are on fire!
You are on fire!
You are on fire!
You are on fire!
The liquid fire burns you!
You take 4 damage, and have 21/38 hp.
The liquid fire burns you!
You take 4 damage, and have 17/38 hp.
The liquid fire burns you!
You take 4 damage, and have 13/38 hp.
The liquid fire burns you!
* * * LOW HITPOINT WARNING * * *
You take 2 damage, and have 11/38 hp.
The liquid fire burns you!
* * * LOW HITPOINT WARNING * * *
You take 3 damage, and have 8/38 hp.
The liquid fire burns you!
* * * LOW HITPOINT WARNING * * *
You take 3 damage, and have 5/38 hp.
The liquid fire burns you!
* * * LOW HITPOINT WARNING * * *
You take 2 damage, and have 3/38 hp.
The liquid fire burns you!
You die...

### ####.. #.# ..... ..... #.#
#.. ..... #.##..### #.# #.. .....
#.......# #.# #.. ...## #.B..##.#
#.# #.. ..... #######.# #.# #..
..# #.....h.#######.#####.. ..#
#............##.#...... ..####.
##........>......##.#.÷.
.....................#.#####...÷.
......................_........#.
.....................#.######..#+
.......................# #....
.......................######....
.......................#.........


There were no monsters in sight!

Vanquished Creatures
  A scorpion (D:4)
  A bombardier beetle (D:4)
  A hound (D:4)
  2 iguanas (D:4)
  12 adders
  5 dart slugs
  6 orcs
  6 ball pythons
  5 bats
  7 endoplasms
  A giant cockroach (D:2)
  8 goblins
  3 hobgoblins (D:3)
  2 quokkas
  5 frilled lizards
  8 kobolds
  6 rats
79 creatures vanquished.

Notes
Turn   | Place    | Note
-------+----------+-------------------------------------------
     0 | D:1      | IndexError the Octopode Shapeshifter began the quest for
                  | the Orb.
     0 | D:1      | Reached XP level 1. HP: 13/13 MP: 1/1
   145 | D:1      | Reached XP level 2. HP: 17/18 MP: 2/2
   476 | D:1      | Reached XP level 3. HP: 21/23 MP: 3/3
   807 | D:2      | Reached skill level 4 in Unarmed Combat
   865 | D:2      | Reached XP level 4. HP: 28/28 MP: 4/4
  1556 | D:3      | Reached XP level 5. HP: 25/33 MP: 5/5
  1602 | D:3      | Found a shadowy altar of Dithmenos.
  1603 | D:3      | Found a burning altar of Makhleb.
  1607 | D:3      | Found a glowing silver altar of Zin.
  1620 | D:3      | Became a worshipper of Makhleb the Destroyer
  1668 | D:3      | You fall into a shaft and drop 1 floor!
  1711 | D:4      | Found a broken altar of Ashenzari.
  1743 | D:4      | Reached skill level 5 in Unarmed Combat
  1845 | D:4      | Reached skill level 4 in Shapeshifting
  1903 | D:3      | Found Hyrphamud's Magic Scroll Shop.
  1949 | D:3      | Noticed mertasd123's ghost (amateur MfGl)
  2017 | D:3      | Found a transporter.
  2038 | D:3      | Found a transporter.
  2284 | D:4      | Reached XP level 6. HP: 19/38 MP: 6/6
  2288 | D:4      | HP: 8/38 [poisoned by a scorpion]
  2293 | D:4      | HP: 4/38 [poisoned by a scorpion]
  2676 | D:4      | Found an iron altar of Okawaru.
  2844 | D:4      | Reached skill level 6 in Unarmed Combat
  2929 | D:4      | HP: 8/38 [burnt (3)]
  2931 | D:4      | HP: 2/38 [burnt (3)]
  2932 | D:4      | Incinerated by a bombardier beetle

Illustrated notes

Levels and vault maps discovered:
D:1:      reono_arrival_mine, layout_loops_ring
D:2:      layout_rooms, kennysheep_generic_room_8
D:3:      layout_rooms, grunt_temple_overflow_open, serial_shops,
          nicolae_shop_tiny_waterfront, gammafunk_ghost_mausoleum, st_stairs_11
D:4:      layout_basic, lemuel_coloured_pillars_altar, ashenzari_altar_1

Skill      XL: |  1  2  3  4  5  6 |
---------------+-------------------+-----
Unarmed Combat | 4 5 6 |  6.1
Shapeshifting  | 4 |  4.5
Fighting       | |  1.0
Dodging        | |  2.0

Action                     |  1- 3 |  4- 6 || total
---------------------------+-------+-------++-------
  Melee: Unarmed           |    39 |    99 ||   138
         Constrict         |    10 |    24 ||    34
         Tentacles         |     4 |    18 ||    22
         Punch             |       |     4 ||     4
   Stab: Sleeping          |     5 |     8 ||    13
 Armour: Skin              |    15 |    41 ||    56
  Dodge: Dodged            |    22 |    62 ||    84

Table legend: (Time is in decaauts)
 A = Elapsed time spent in this place.
 B = Non-inter-level travel time spent in this place.
 C = Inter-level travel time spent in this place.
 D = Time resting spent in this place.
 E = Time spent auto-exploring this place.
 F = Levels seen in this place.
 G = Mean time per level.
                   A        B        C        D        E       F      G
               +--------+--------+--------+--------+--------+-----+--------+
         Total |   2924 |   2687 |    237 |    129 |   1991 |   4 |  731.0 |
       Dungeon |   2924 |   2687 |    237 |    129 |   1991 |   4 |  731.0 |
               +--------+--------+--------+--------+--------+-----+--------+

Top non-repeatable levels by time:
     D:4: 957 daAuts
     D:1: 779 daAuts
     D:3: 627 daAuts
     D:2: 560 daAuts

Levels and vault maps discovered:
D:1:      reono_arrival_mine, layout_loops_ring
D:2:      layout_rooms, kennysheep_generic_room_8
D:3:      layout_rooms, grunt_temple_overflow_open, serial_shops,
          nicolae_shop_tiny_waterfront, gammafunk_ghost_mausoleum, st_stairs_11
D:4:      layout_basic, lemuel_coloured_pillars_altar, ashenzari_altar_1

Table legend: (Time is in decaauts)
 A = Elapsed time spent in this place.
 B = Non-inter-level travel time spent in this place.
 C = Inter-level travel time spent in this place.
 D = Time resting spent in this place.
 E = Time spent auto-exploring this place.
 F = Levels seen in this place.
 G = Mean time per level.
                   A        B        C        D        E       F      G
               +--------+--------+--------+--------+--------+-----+--------+
         Total |   2924 |   2687 |    237 |    129 |   1991 |   4 |  731.0 |
       Dungeon |   2924 |   2687 |    237 |    129 |   1991 |   4 |  731.0 |
               +--------+--------+--------+--------+--------+-----+--------+

Top non-repeatable levels by time:
     D:4: 957 daAuts
     D:1: 779 daAuts
     D:3: 627 daAuts
     D:2: 560 daAuts

Table legend:
 A = Kills in this place as a percentage of kills in the entire game.
 B = Kills by you in this place as a percentage of kills by you in the entire game.
 C = Kills by friends in this place as a percentage of kills by friends in the entire game.
 D = Other kills in this place as a percentage of other kills in the entire game.
 E = Experience gained in this place as a percentage of experience gained in the entire game.
 F = Experience gained in this place divided by the number of levels of this place that you have seen.
                   A       B       C       D       E      F
               +-------+-------+-------+-------+-------+----------------------
         Total | 100.0 | 100.0 |   N/A |   N/A | 100.0 | 127.8
       Dungeon | 100.0 | 100.0 |   N/A |   N/A | 100.0 | 127.8
               +-------+-------+-------+-------+-------+----------------------
